 Dungeon Crawl Stone Soup version 0.25-a0-1133-g93ebf739aa (webtiles) character file.

Game seed: 17265701173884763210, levelgen mode: classic

102 Amnesiac the Twirler (level 4, 0/28 HPs)
             Began as a Deep Elf Gladiator on May 21, 2020.
             Succumbed to an orc's poison
             ... on level 3 of the Dungeon.
             The game lasted 00:02:30 (2202 turns).

Amnesiac the Twirler (Deep Elf Gladiator)           Turns: 2202, Time: 00:02:30

Health: 0/28       AC:  6    Str: 12    XL:     4   Next: 50%
Magic:  6/6        EV: 12    Int: 13    God:
Gold:   175        SH:  0    Dex: 16    Spells: 3/3 levels left

rFire    . . .     SeeInvis .   a - +0 quarterstaff
rCold    . . .     Gourm    .   (shield currently unavailable)
rNeg     . . .     Faith    .   i - +0 ring mail
rPois    .         Spirit   .   c - +0 helmet
rElec    .         Reflect  .   (no cloak)
rCorr    .         Harm     .   (no gloves)
MR       .....                  (no boots)
Stlth    +.........             (no amulet)
HPRegen  0.09/turn              h - +4 ring of slaying
MPRegen  0.10/turn              (no ring)

@: lethally poisoned (0 -> -12), flying
A: no striking features
a: no special abilities


You were on level 3 of the Dungeon.
You were not hungry.

You visited 1 branch of the dungeon, and saw 3 of its levels.

You collected 175 gold pieces.

Inventory:

Hand Weapons
 a - a +0 quarterstaff (weapon)
Missiles
 q - 3 poisoned darts (quivered)
Armour
 c - a +0 helmet (worn)
 i - a +0 ring mail (worn)
 n - a cursed -1 pair of gloves
Jewellery
 h - a +4 ring of slaying (left hand)
 l - a cursed -4 ring of intelligence {unknown}
Scrolls
 b - 3 scrolls of remove curse {!r, unknown}
 e - 4 scrolls of teleportation {!r, unknown}
 k - 3 scrolls of identify {!r, unknown}
 m - a scroll of enchant weapon {!r, unknown}
Potions
 j - a potion of flight {!q}
 o - a potion of heal wounds {!q, unknown}
 p - a potion of stabbing {!q, unknown}
Comestibles
 f - 3 rations


   Skills:
 * Level 3.3 Fighting
 + Level 3.9 Staves
 - Level 2.0 Throwing
 - Level 3.6 Dodging


You had 3 spell levels left.
You didn't know any spells.
Your spell library was empty.

Dungeon Overview and Level Annotations

Branches:
Dungeon (3/15)

Altars:
The Shining One


Message History

An orc is nearby!
Throwing (i - inventory. (/) - cycle)
d - 3 throwing nets (quivered)
Press: ? - help, Shift-Dir - straight line, f - orc
Aim: an orc, wielding a +2 whip of venom and wearing a cursed +0 chain mail You throw a throwing net.
The throwing net barely misses the orc.
Throwing (i - inventory. (/) - cycle)
d - 2 throwing nets (quivered)
Press: ? - help, Shift-Dir - straight line, f/p - orc
Aim: an orc, wielding a +2 whip of venom and wearing a cursed +0 chain mail You throw a throwing net.
The throwing net barely misses the orc.
Throwing (i - inventory. (/) - cycle)
d - a throwing net (quivered)
Press: ? - help, Shift-Dir - straight line, f/p - orc
Aim: an orc, wielding a +2 whip of venom and wearing a cursed +0 chain mail You throw a throwing net.
The throwing net hits the orc.
The orc is caught in the net!
The orc struggles against the net.
The orc struggles against the net.
You feel sick.
The orc struggles against the net. 2 orcs come into view.
The orc shouts! x2
The orc struggles against the net.
You hit the orc but do no damage.
The orc struggles against the net.
Your ring mail prevents you from hitting the orc.
An orc comes into view. It is wielding a +0 falchion.
The orc struggles against the net.
The net rips apart, and the orc comes free!
You hit the orc but do no damage.
You feel sick.
You are no longer poisoned.
The orc hits you but does no damage.
You are poisoned.
You hit the orc.
The orc is almost dead.
You feel sick. The orc barely misses you. The orc hits you but does no damage.
The orc closely misses you.
Your ring mail prevents you from hitting the orc.
The orc is almost dead.
You feel sick. The orc barely misses you.
The orc hits you with a +2 whip of venom.
* * * LOW HITPOINT WARNING * * *
You are lethally poisoned!
The orc barely misses you.
You barely miss the orc.
* * * LOW HITPOINT WARNING * * *
You feel sick. The orc completely misses you. x2
The orc hits you with a +0 mace.
* * * LOW HITPOINT WARNING * * *
* * * LOW HITPOINT WARNING * * *
You feel sick.
* * * LOW HITPOINT WARNING * * *
You feel sick.
* * * LOW HITPOINT WARNING * * *
You feel sick.
All of the chunks of flesh in your inventory have rotted away.
* * * LOW HITPOINT WARNING * * *
You feel sick.
Okay, then.
* * * LOW HITPOINT WARNING * * *
You feel sick.
Unknown command.
* * * LOW HITPOINT WARNING * * *
You feel sick.
Really quaff
j - 2 green potions {!q}?
It was a potion of flight {!q}.
You feel very buoyant.
You fly up into the air.
You die...

#.#.# #.#.# #.#.###
#######.#...
........#.### ###......#
#.#......# #.ooo....#
#@#......((....
#.############. ....#
#.# ....# #.# ....# #.
#.#### ...#####.#.
#....#
.....##.#.#######.#
#.##.##.#......##.#
#.##.##.#..###.##)#####.


You could see 3 orcs.

Vanquished Creatures
  3 adders (D:2)
  2 worms (D:3)
  A dart slug (D:1)
  A leopard gecko (D:2)
  2 giant cockroaches (D:2)
  7 goblins
  9 hobgoblins
  3 jackals (D:2)
  4 quokkas (D:2)
  A ball python (D:2)
  8 bats
  3 frilled lizards
  11 kobolds
  6 rats
61 creatures vanquished.

Notes
Turn   | Place    | Note
-------+----------+-------------------------------------------
     0 | D:1      | Amnesiac the Deep Elf Gladiator began the quest for the
                  | Orb.
     0 | D:1      | Reached XP level 1. HP: 12/12 MP: 3/3
   300 | D:1      | Reached XP level 2. HP: 17/17 MP: 4/4
   857 | D:2      | Reached XP level 3. HP: 22/22 MP: 5/5
  1274 | D:2      | Found a glowing golden altar of the Shining One.
  1499 | D:2      | Reached XP level 4. HP: 23/28 MP: 6/6
  2201 | D:3      | HP: 1/28 [poisoned by an orc]
  2202 | D:3      | Succumbed to an orc's poison

Illustrated notes

Levels and vault maps discovered:
D:1:      dpeg_arrival_simpleton_c, layout_loops_ring
D:2:      minmay_alternating_diamond, layout_basic, tso_metal_star,
          minmay_heptomino_l4
D:3:      layout_basic, uniq_grinder

Skill      XL: |  1  2  3 |
---------------+----------+-----
Fighting       | 2 3 |  3.3
Staves         | |  3.9
Throwing       | |  2.0
Dodging        | |  3.6

Action                   |  1- 3 |  4- 6 || total
-------------------------+-------+-------++-------
Melee: Quarterstaff      |   104 |    40 ||   144
Throw: Throwing net      |       |     3 ||     3
  Use: Potion            |       |     1 ||     1
  Eat: Chunk             |     2 |     2 ||     4
Armor: Leather armour    |    11 |       ||    11
       Ring mail         |    31 |     8 ||    39
Dodge: Dodged            |    81 |    20 ||   101

Table legend:
 A = Non-vault XP
 B = Vault XP
 C = Vault XP percentage of total XP
 D = Non-vault monster count
 E = Vault monster count
 F = Vault count percentage of total count
                 A         B        C        D         E       F
            +---------+---------+-------+---------+---------+-------
      Total |     125 |      22 |  15.0 |      55 |       6 |   9.8
            +---------+---------+-------+---------+---------+-------
        D:1 |      39 |       0 |   0.0 |      22 |       0 |   0.0
        D:2 |      69 |      22 |  24.2 |      25 |       6 |  19.4
        D:3 |      17 |       0 |   0.0 |       8 |       0 |   0.0
            +---------+---------+-------+---------+---------+-------
